 Dungeon Crawl Stone Soup version 0.18-a0-1027-g814d7dd (webtiles) character file.

126 M4edhros the Charlatan (level 5, -1/33 HPs)
             Began as an Octopode Artificer on Jan 9, 2016.
             Slain by an orc
             ... wielding a +0 club
              (6 damage)
             ... on level 4 of the Dungeon.
             The game lasted 00:03:04 (1663 turns).

M4edhros the Charlatan (Octopode Artificer)         Turns: 1663, Time: 00:03:04

Health: -1/33      AC:  1    Str: 10    XL:     5   Next: 10%
Magic:  8/8        EV: 10    Int: 15    God:    Xom [....*.]
Gold:   132        SH:  7    Dex: 13    Spells: 0 memorised, 4 levels left

rFire  . . .     SeeInvis .     a - +0 short sword
rCold  . . .     Gourm    .     e - +0 shield
rNeg   . . .     Faith    .     (helmet restricted)
rPois  .         Spirit   .     (no amulet)
rElec  .         Dismiss  .     (no ring)
rCorr  .         Reflect  .     (no ring)
SustAt .         Harm     .     (no ring)
MR     .....                    (no ring)
Stlth  +++.......               (no ring)
                                (no ring)
                                (no ring)
                                (no ring)

@: not resistant to hostile enchantments, fairly stealthy
A: almost no armour, amphibious, 8 rings, constrict 8, camouflage 1, gelatinous
body 1
a: Renounce Religion


You were on level 4 of the Dungeon.
You worshipped Xom.
You were a beloved toy of Xom.
You were not hungry.

You visited 1 branch of the dungeon, and saw 4 of its levels.

You collected 132 gold pieces.

Inventory:

Hand Weapons
 a - a +0 short sword (weapon)
 h - a +0 hunting sling
Missiles
 g - 52 stones (quivered)
Armour
 e - a +0 shield (worn)
Wands
 b - a wand of flame (6/48)
 c - a wand of enslavement (15/24)
 d - a wand of random effects (13/48)
 k - a wand of digging (20/24)
Scrolls
 i - a scroll of identify {unknown}
 j - a scroll of enchant weapon {unknown}
Comestibles
 f - 4 bread rations


   Skills:
 - Level 1.2 Fighting
 - Level 1.2 Short Blades
 + Level 1.4 Slings
 + Level 2.9 Dodging
 + Level 2.6 Stealth
 + Level 1.3 Shields
 + Level 4.4 Evocations


You had 4 spell levels left.
You didn't know any spells.

Dungeon Overview and Level Annotations

Branches:
Dungeon (4/15)
 Temple: D:4-7

Altars:
Xom


Innate Abilities, Weirdness & Mutations

You cannot wear most types of armour.
You are amphibious.
You can wear up to eight rings at the same time.
You can use your tentacles to constrict eight enemies at once.
Your skin changes colour to match your surroundings (Stealth).
Your rubbery body absorbs attacks (AC +1).


Message History

Evoke which item? (* to show all) (? for menu, Esc to quit)
Zapping:
b - a wand of flame (8/48)
Press: ? - help, Shift-Dir - straight line, f - orc
Aim: an orc, wielding a club and wearing a chain mail The puff of flame hits the orc.
The orc appears unharmed.
This wand has 7 charges left.
You block the orc's attack.
Evoke which item? (* to show all) (? for menu, Esc to quit)
Zapping:
b - a wand of flame (7/48)
Press: ? - help, Shift-Dir - straight line, f/p - orc
Aim: an orc, wielding a club and wearing a chain mail The puff of flame hits the orc.
The orc appears unharmed.
This wand has 6 charges left.
You block the orc's attack.
Evoke which item? (* to show all) (? for menu, Esc to quit)
Zapping:
d - a wand of random effects (14/48)
Press: ? - help, Shift-Dir - straight line, f/p - orc
Aim: an orc, wielding a club and wearing a chain mail The puff of frost hits the orc.
The orc is moderately wounded.
This wand has 13 charges left.
The orc hits you with a club.
You die...

...#
#####.......#
...#
#....)......#
...# #
#.###...#####
#. #.#(.<#.#
#..
####.##.##.#
#..
#........#.#
##...
#.###.####+#
......##.#
#.#
(.(.((o@.#
#.#
......####
#.# ..... #.#
.... #.# ...
#.# .. .


You could see an orc.

Vanquished Creatures
  The ghost of M4edhros the Sneak, an amateur OpAr (D:4)
  An adder (D:4)
  A giant gecko (D:1)
  2 orcs (D:4)
  A giant cockroach (D:1)
  10 goblins
  2 hobgoblins (D:1)
  2 jackals (D:3)
  A quokka (D:4)
  2 ball pythons (D:1)
  A bat (D:3)
  3 giant newts
  6 kobolds
  10 rats
43 creatures vanquished.

Notes
Turn   | Place    | Note
--------------------------------------------------------------
     0 | D:1      | M4edhros the Octopode Artificer began the quest for the Orb.
     0 | D:1      | Reached XP level 1. HP: 13/13 MP: 3/3
   152 | D:1      | Reached XP level 2. HP: 6/18 MP: 4/4
   582 | D:1      | Found a shimmering altar of Xom.
   633 | D:1      | Became a worshipper of Xom of Chaos
   775 | D:1      | XOM: divination: detect items
   899 | D:1      | Reached XP level 3. HP: 10/23 MP: 5/5
  1072 | D:1      | XOM: divination: detect creatures
  1137 | D:1      | Reached skill level 4 in Evocations
  1539 | D:3      | XOM: vitrification
  1602 | D:4      | Noticed M4edhros's ghost (amateur OpAr)
  1603 | D:4      | XOM: smoke on damage
  1617 | D:4      | Killed M4edhros's ghost
  1617 | D:4      | Reached skill level 1 in Slings
  1617 | D:4      | Reached skill level 1 in Shields
  1617 | D:4      | Reached XP level 4. HP: 9/28 MP: 7/7
  1617 | D:4      | Reached XP level 5. HP: 10/33 MP: 8/8
  1663 | D:4      | Slain by an orc

Vault maps used:
D:1:      minmay_arrival_semitransparent, serial_curves, eino_curves_04,
          eino_curves_02, eino_curves_03, xom_teletrap_fun
D:2:      hangedman_decor_growths
D:3:      first_bread, cheibrodos_gnoll_hut, uniq_sigmund
D:4:      serial_curves, eino_curves_02, eino_curves_03, eino_curves_02,
          eino_curves_02

Action                   |  1- 3 |  4- 6 || total
-------------------------+-------+-------++-------
Melee: Short sword       |    45 |     1 ||    46
 Fire: Hunting sling     |    50 |     6 ||    56
Evoke: Wand              |     7 |     4 ||    11
 Stab: Sleeping          |     3 |       ||     3
  Eat: Chunk             |     2 |       ||     2
